 Dungeon Crawl Stone Soup version 0.27.1-1-g398f81649c (webtiles) character file.

Game seed: 15226469904094142767

80 pokedragonboy the Digger (level 4, 0/24 HPs)
             Began as a Deep Elf Earth Elementalist on Sept 14, 2021.
             Slain by a gnoll (8 damage)
             ... on level 2 of the Dungeon.
             The game lasted 00:04:06 (1298 turns).

pokedragonboy the Digger (DEEE)                     Turns: 1298, Time: 00:04:06

Health: 0/24       AC:  5    Str:  5    XL:     4   Next: 18%
Magic:  9/11       EV:  6    Int: 21    God:
Gold:   46         SH:  0    Dex: 15    Spells: 7/10 levels left

rFire    . . .     SeeInvis .   g - +0 short sword
rCold    . . .     Faith    .   (no shield)
rNeg     . . .     Spirit   .   b - +0 robe
rPois    .         Reflect  .   (no helmet)
rElec    .         Harm     .   (no cloak)
rCorr    .         Rampage  .   (no gloves)
Will     .....                  a - +2 pair of boots
Stlth    ++........             (no amulet)
HPRegen  0.08/turn              (no ring)
MPRegen  0.12/turn              (no ring)

@: held
A: no striking features
a: no special abilities


You were on level 2 of the Dungeon.
You visited 1 branch of the dungeon, and saw 2 of its levels.

You collected 46 gold pieces.

Inventory:

Hand Weapons
 g - a +0 short sword (weapon)
Armour
 a - a +2 pair of boots (worn)
 b - a +0 robe (worn)
Potions
 e - a potion of heal wounds {unknown}
 f - a potion of lignification {unknown}


   Skills:
 - Level 2.4 Dodging
 - Level 2.4 Stealth
 + Level 3.8 Spellcasting
 * Level 2.9 Transmutations
 * Level 4.3 Earth Magic


You had 7 spell levels left.
You knew the following spells:

 Your Spells              Type           Power      Damage    Failure   Level
a - Sandblast             Erth           44%        2d11      1%          1
b - Passwall              Tmut/Erth      15%        N/A       4%          2

Your spell library contained the following spells:

 Spells                   Type           Power      Damage    Failure   Level
 Stone Arrow              Conj/Erth      26%        3d8       16%         3
 Petrify                  Tmut/Erth      19%        N/A       26%         4


Dungeon Overview and Level Annotations

Branches:
Dungeon (2/15)

Altars:
Nemelex Xobeh


Message History

Aim: a gnoll, wielding a +0 spear (lightly wounded, 83% to hit)
The blast of sand hits the gnoll!
The gnoll is almost dead.
You now have no stones remaining.
The gnoll barely misses you.
The kobold throws a stone.
The stone closely misses you.
Casting: Sandblast (safe; 2% risk of failure)
Confirm with . or Enter, or press ? or * to list all spells.
You don't have any stones to cast with.
Unknown command.
The gnoll barely misses you.
The gnoll throws a throwing net.
The throwing net barely misses you.
Items here: ( )) †.
You don't have any stones to cast with.
The gnoll hits you with a +0 spear.
The kobold throws a stone.
The stone hits you but does no damage.
You hit the gnoll.
You kill the gnoll!
The kobold throws a stone.
The stone hits you.
You hit the kobold.
The kobold is severely wounded.
The kobold hits you but does no damage.
You barely miss the kobold.
The kobold is severely wounded.
The kobold hits you with a +0 short sword.
The gnoll hits you with a +0 flail! The kobold closely misses you.
You barely miss the kobold.
The kobold is severely wounded.
The gnoll hits you with a +0 flail. The kobold hits you but does no damage.
The gnoll closely misses you.
You hit the kobold but do no damage.
The kobold is severely wounded.
The kobold hits you but does no damage. The gnoll closely misses you.
The gnoll throws a throwing net.
The throwing net hits you.
You become entangled in the net!
The kobold throws a stone.
The stone hits you but does no damage.
You see here a throwing net.
You struggle against the net.
Unknown command.
You tear a large gash into the net.
The gnoll hits you with a +0 flail!
You die...

....# #..... ..... #.....
...$# #..... ##.#.# #.....
..#.## .....###....##
.....<..<....#
############.#....#.#####
.......)......@gK.)...>..
######.###)..#.#..#......
8.......###.#())?#.#.#
......#..###.#...).....
#.8#####..#....#....#.#.#.#
#..# #....#....######......
#..# #.#.......# .#.#.#
#..###.#..#....# .....
#..#......##.### #.#.#


You could see a gnoll and a kobold.

Vanquished Creatures
  3 gnolls (D:2)
  An adder (D:2)
  A worm (D:2)
  2 dart slugs
  2 endoplasms (D:1)
  2 giant cockroaches (D:2)
  A hobgoblin (D:1)
  A quokka (D:2)
  6 ball pythons
  4 bats (D:1)
  3 frilled lizards
  7 goblins
  A kobold (D:2)
  A rat (D:2)
35 creatures vanquished.

Notes
Turn   | Place    | Note
-------+----------+-------------------------------------------
     0 | D:1      | pokedragonboy the Deep Elf Earth Elementalist began the
                  | quest for the Orb.
     0 | D:1      | Reached XP level 1. HP: 10/10 MP: 6/6
   261 | D:1      | Reached XP level 2. HP: 15/15 MP: 6/8
   850 | D:1      | Learned a level 2 spell: Passwall
   896 | D:2      | Reached XP level 3. HP: 19/19 MP: 4/9
  1004 | D:2      | Found a sparkling altar of Nemelex Xobeh.
  1017 | D:2      | Reached skill level 4 in Earth Magic
  1283 | D:2      | Reached XP level 4. HP: 24/24 MP: 9/11
  1298 | D:2      | Slain by a gnoll

Illustrated notes

Levels and vault maps discovered:
D:1:      heliophobic_arrival_glass_houses, layout_loops_ring, st_stairs_9
D:2:      layout_basic, basic_altar, serial_glass, glass_columns_b,
          glass_columns_c, minmay_crystal_water, chequers_decorated_corner

Skill      XL: |  1  2  3 |
---------------+----------+-----
Transmutations | 2 |  2.9
Earth Magic    | 4 |  4.3
Dodging        | |  2.4
Stealth        | |  2.4
Spellcasting   | |  3.8

Action                   |  1- 3 |  4- 6 || total
-------------------------+-------+-------++-------
Melee: Dagger            |     3 |       ||     3
       Short sword       |       |     5 ||     5
 Cast: Sandblast         |    46 |     2 ||    48
Armor: Robe              |     2 |     5 ||     7
Dodge: Dodged            |     6 |     7 ||    13
